 Dungeon Crawl Stone Soup version 0.26.1-2-gb8aa6d0cf2 (webtiles) character file.

Game seed: 10955247151550501719

16042 vatarom the Covert (level 12, -6/56 HPs)
             Began as a Felid Enchanter on Feb 12, 2021.
             Was a Priest of Dithmenos.
             Mangled by a komodo dragon (32 damage)
             ... on level 5 of the Lair of Beasts on Feb 13, 2021.
             The game lasted 00:53:12 (25799 turns).

vatarom the Covert (Felid Enchanter)               Turns: 25799, Time: 00:53:12

Health: -6/56      AC:  7    Str:  7    XL:     12   Next: 6%
Magic:  15/22      EV: 31    Int: 22    God:    Dithmenos [***...]
Gold:   780        SH:  0    Dex: 26    Spells: 11/24 levels left
                                        Lives:  0   Deaths: 3

rFire    . . .     SeeInvis +     - Unarmed
rCold    + + +     Faith    .   (shield unavailable)
rNeg     + . .     Spirit   .   (armour unavailable)
rPois    .         Reflect  .   (helmet unavailable)
rElec    +         Harm     .   (cloak unavailable)
rCorr    .         Rampage  .   (gloves unavailable)
Will     +....                  (boots unavailable)
Stlth    +++++++++.             B - amulet of Obsession {Acrobat rElec rC+++ rN+ Slay-4}
HPRegen  0.18/turn              p - +4 ring of protection
MPRegen  0.18/turn              G - ring of Sonin {*Drain +Inv Int+6 Dex+7 Slay-2}

@: wreathed by umbra, quick
A: very small, no armour, no weapons or thrown items, stealth, claws 1, fangs 3,
see invisible, speed 1, shaggy fur 3, sharp paws
a: Renounce Religion, Evoke Invisibility, Shadow Step


You were on level 5 of the Lair of Beasts.
You worshipped Dithmenos.
Dithmenos was most pleased with you.
You visited 2 branches of the dungeon, and saw 17 of its levels.

You collected 870 gold pieces.
You spent 90 gold pieces at shops.

Inventory:

Jewellery
 f - an uncursed ring of protection from fire
 n - an uncursed ring of positive energy
 p - a +4 ring of protection (left paw)
 t - a +6 ring of intelligence
 B - the amulet of Obsession (around neck) {Acrobat rElec rC+++ rN+ Slay-4}
   (You took it off an orc on level 10 of the Dungeon)

   [amulet of the acrobat]

   It helps you evade while moving and waiting.
   It affects your accuracy and damage with ranged weapons and melee attacks
   (-4).
   It renders you almost immune to cold.
   It insulates you from electricity.
   It protects you from negative energy.
 G - the ring of Sonin (right paw) {*Drain +Inv Int+6 Dex+7 Slay-2}
   (You found it on level 1 of the Lair of Beasts)

   [ring of intelligence]

   It affects your intelligence (+6).
   It affects your dexterity (+7).
   It affects your accuracy and damage with ranged weapons and melee attacks
   (-2).
   It lets you turn invisible.
   It causes draining when unequipped.
 H - a +6 ring of strength
 J - an uncursed ring of flight
Wands
 u - a wand of flame (10)
 y - a wand of iceblast (27) {@v4}
 D - a wand of paralysis (15)
 E - a wand of random effects (22)
 F - a wand of acid (22) {@v2}
 I - a wand of disintegration (19)
Scrolls
 a - 2 scrolls of teleportation {@r3}
 d - 11 scrolls of remove curse {@r2}
 h - 4 scrolls of fog
 i - 2 scrolls of magic mapping
 l - 6 scrolls of identify {@r1}
 m - 7 scrolls of amnesia
 q - 2 scrolls of immolation
 A - a scroll of vulnerability
Potions
 c - 4 potions of lignification
 e - 3 potions of berserk rage
 g - a potion of invisibility {unknown}
 j - 9 potions of curing {@q1}
 k - 2 potions of haste {@q3}
 o - 2 potions of flight
 r - 2 potions of cancellation {unknown}
 s - 2 potions of magic {unknown}
 v - 5 potions of heal wounds {@q2}
 w - 2 potions of attraction
 z - 2 potions of mutation {unknown}
 C - a potion of brilliance {unknown}


   Skills:
 + Level 8.9 Fighting
 + Level 11.0 Dodging
 - Level 12.2 Stealth
 + Level 10.6 Unarmed Combat
 - Level 6.5 Spellcasting
 - Level 10.8 Hexes
 - Level 6.6 Invocations
 * Level 6.8 Evocations


You had 11 spell levels left.
You knew the following spells:

 Your Spells              Type           Power        Failure   Level
a - Corona                Hex            58%          1%          1
b - Confusing Touch       Hex            53%          1%          3
c - Dazzling Flash        Conj/Hex       62%          2%          3
d - Tukima's Dance        Hex            53%          1%          3
e - Ensorcelled Hibernat  Hex/Ice        62%          1%          2
f - Magic Dart            Conj           28%          9%          1

Your spell library contained the following spells:

 Spells                   Type           Power        Failure   Level
 Animate Skeleton         Necr           14%          9%          1
 Pain                     Necr           28%          9%          1
 Fulminant Prism          Conj/Hex       15%          10%         4
 Searing Ray              Conj           14%          13%         2
 Vampiric Draining        Necr           3%           26%         3
 Animate Dead             Necr           3%           65%         4
 Iskenderun's Mystic Bla  Conj/Tloc      7%           65%         4
 Agony                    Necr           7%           94%         5
 Bolt of Magma            Conj/Fire/Erth 3%           94%         5
 Iskenderun's Battlesphe  Conj           7%           94%         5
 Iron Shot                Conj/Erth      3%           100%        6
 Orb of Destruction       Conj           3%           100%        7
 Spellforged Servitor     Conj/Summ      3%           100%        7


Dungeon Overview and Level Annotations

Branches:
Dungeon (12/15)            Temple (0/1) D:7            Lair (5/6) D:9
  Swamp (0/4) Lair:4        Snake (0/4) Lair:4          Orc (0/2) D:10
  Slime: Lair:5-6

Altars:
Cheibriados
Dithmenos
Elyvilon
Fedhas
Gozag
Hepliaklqana
Nemelex Xobeh
Qazlal
Ru
Trog
Vehumet
Zin
The Shining One

Shops:
D:7 [(}   D:11 *

Annotations:
D:2 exclusion: sky beast, Sigmund
D:7 Dowan, Duvessa
D:8 4 runed translucent doors
D:11 Josephine
Lair:1 exclusion: oklob plant


Innate Abilities, Weirdness & Mutations

You cannot wear armour.
You are incapable of wielding weapons or throwing items.
Your paws allow you to move quietly. (Stealth)
You have sharp claws.
You have razor-sharp teeth.
You have supernaturally acute eyesight. (SInv)
You cover ground quickly.
Your thick and shaggy fur keeps you warm. (AC +3, rC+)
Your sharp claws are effective at attacking unaware monsters.


Message History

The wyvern completely misses you.
Casting: Ensorcelled Hibernation (safe; 1% risk of failure)
Confirm with . or Enter, or press ? or * to list all spells.
Aiming: Ensorcelled Hibernation (safe; 1% risk of failure)
Press: ? - help, Shift-Dir - straight line, f/p - komodo dragon
Aim: a komodo dragon (black smoke, umbra, chance to affect: 42%)
The wyvern looks drowsy...
You pounce on the unaware helpless wyvern!
You eviscerate the wyvern!!!!
You kill the wyvern!
Dithmenos accepts your kill.
Casting: Ensorcelled Hibernation (safe; 1% risk of failure)
Confirm with . or Enter, or press ? or * to list all spells.
Aiming: Ensorcelled Hibernation (safe; 1% risk of failure)
Press: ? - help, Shift-Dir - straight line, f/p - komodo dragon
Aim: a komodo dragon (umbra, chance to affect: 42%)
The komodo dragon resists with some effort.
The komodo dragon bites you!!
Ouch! That really hurt!
You die...

............####.
##.........#..#.#..
#.#P........##...... .#
#....................# .
###...........#......##
#.#.###..........#..#...# #
#...............#...#..## ..
.#.......#P.....##§§§#...#..#
..###..P##.....@#§§§§.......
###.#.[.P####..#l..§§§§.....#
.###P.)PP.##..#....§§§§.....#
##.P....P....#####..###.PP...
..P.).†.PP.### ##..........
..[...P.PPP..# #..........
..P..).....### ##....P....
.....|..[P.# ....P....
........P..# ...P... .


You could see a komodo dragon.

Vanquished Creatures
  Nessos (Lair:4)
  3 hydras
  Erolcha (D:11)
  A boulder beetle (Lair:3)
  2 death yaks (Lair:3)
  A two-headed ogre (D:11)
  An unseen horror (D:11)
  An ugly thing (D:10)
  Maurice (D:11)
  A manticore (D:11)
  An elephant (D:9)
  A centaur skeleton (D:10)
  4 black mambas
  4 cane toads
  3 rime drakes (Lair:5)
  5 komodo dragons
  3 trolls
  A polar bear (Lair:3)
  8 blink frogs
  6 dream sheep (Lair:4)
  A shadow (D:10)
  4 wraiths
  16 yaks
  4 wyverns
  Eustachio (D:6)
  3 vampire mosquitoes (D:12)
  2 steam dragons
  Grum (D:9)
  4 basilisks
  Edmund (D:4)
  A naga (Lair:4)
  6 water moccasins
  A hornet zombie (D:11)
  An ice beast (D:11)
  An eye of draining (D:10)
  2 orc warriors
  3 sky beasts
  2 necrophages (D:8)
  3 phantoms
  4 black bears
  2 wolves
  8 ogres
  6 centaurs
  A big kobold (D:10)
  7 bullfrogs
  A wyvern zombie (D:11)
  3 jellies
  5 scorpions
  2 troll zombies (D:10)
  6 killer bees
  8 wights
  An electric eel (Lair:2)
  2 howler monkeys
  A bullfrog zombie (D:8)
  2 quasits (D:7)
  A centaur zombie (D:11)
  10 hounds
  A gnoll shaman (D:3)
  2 orc priests
  2 orc wizards
  3 bullfrog skeletons
  Terence (D:2)
  5 iguanas
  8 worker ants
  A killer bee zombie (D:8)
  4 ogre zombies (D:10)
  A hound zombie (D:11)
  A howler monkey zombie (D:8)
  8 gnolls
  10 adders
  A shadow imp (D:7)
  18 white imps
  2 ufetubi
  2 oozes
  3 adder skeletons
  2 worms
  2 dart slugs
  7 leopard geckos
  21 orcs
  4 giant cockroaches
  5 goblins
  4 hobgoblins
  15 jackals
  3 quokkas
  A ball python (D:1)
  5 bats
  9 frilled lizards
  A goblin skeleton (D:10)
  2 goblin zombies (D:10)
  A hobgoblin skeleton (D:10)
  2 hobgoblin zombies (D:10)
  8 kobolds
  A leopard gecko skeleton (D:7)
  A leopard gecko zombie (D:6)
  4 orc skeletons (D:10)
  9 orc zombies (D:10)
  8 rats
364 creatures vanquished.

Vanquished Creatures (collateral kills)
  A wight (D:8)
  An orc (D:8)
2 creatures vanquished.

Vanquished Creatures (others)
  2 dancing weapons
  A shadow imp (D:10)
  A white imp (D:10)
  A giant cockroach (D:4)
  14 fungi
  23 plants
  15 toadstools (Lair:1)
  4 withered plants (D:8)
61 creatures vanquished.

Grand Total: 427 creatures vanquished

Notes
Turn   | Place    | Note
-------+----------+-------------------------------------------
     0 | D:1      | vatarom the Felid Enchanter began the quest for the Orb.
     0 | D:1      | Reached XP level 1. HP: 7/7 MP: 4/4
   277 | D:1      | Reached XP level 2. HP: 11/11 MP: 6/6
   804 | D:1      | Learned a level 2 spell: Ensorcelled Hibernation
  1242 | D:2      | Noticed Sigmund
  1415 | D:2      | Noticed a sky beast
  1476 | D:2      | Noticed Terence
  1486 | D:2      | Killed Terence
  1487 | D:2      | Reached skill level 5 in Hexes
  1487 | D:2      | Reached XP level 3. HP: 14/14 MP: 4/7
  1667 | D:2      | Reached XP level 4. HP: 18/18 MP: 5/8
  2106 | D:3      | Found a glowing silver altar of Zin.
  2107 | D:3      | Noticed an angel
  2408 | D:3      | Noticed an orc warrior
  2411 | D:3      | Hit by a stone thrown by an orc warrior
  2412 | D:3      | Reached XP level 3. HP: 0/15 MP: 7/7
  2436 | D:4      | Noticed an ogre
  2448 | D:4      | Killed an ogre
  2449 | D:4      | Reached skill level 1 in Fighting
  2449 | D:4      | Reached skill level 5 in Stealth
  2449 | D:4      | Reached XP level 4. HP: 19/19 MP: 1/8
  2523 | D:4      | Noticed an ogre
  2532 | D:4      | Killed an ogre
  2533 | D:4      | Reached XP level 5. HP: 22/22 MP: 6/9
  2620 | D:4      | Got a heavily runed platinum amulet
  2626 | D:4      | Identified the amulet "Plog" {Acrobat +Blink Stlth+} (You
                  | found it on level 4 of the Dungeon)
  2709 | D:4      | Found a radiant altar of Vehumet.
  2711 | D:4      | You fall into a shaft and drop 2 floors!
  2733 | D:5      | Entered Level 5 of the Dungeon
  2734 | D:5      | Noticed a sky beast
  2744 | D:5      | Killed a sky beast
  2745 | D:5      | Gained mutation: You are covered in thick fur. (AC +2)
                  | [Felid growth]
  2745 | D:5      | Reached XP level 6. HP: 27/27 MP: 5/10
  2920 | D:5      | Reached skill level 6 in Stealth
  3768 | D:4      | Reached XP level 7. HP: 31/31 MP: 11/11
  3912 | D:4      | Found a blossoming altar of Fedhas.
  3926 | D:4      | Found a sacrificial altar of Ru.
  4015 | D:4      | Noticed Edmund
  4047 | D:4      | Killed Edmund
  4623 | D:3      | Learned a level 3 spell: Confusing Touch
  4627 | D:3      | Learned a level 3 spell: Tukima's Dance
  4825 | D:3      | Reached skill level 5 in Dodging
  5235 | D:3      | Found a sparkling altar of Nemelex Xobeh.
  5668 | D:4      | Found a glowing golden altar of the Shining One.
  5799 | D:5      | Found a hazy altar of Hepliaklqana.
  6220 | D:6      | Reached XP level 8. HP: 36/36 MP: 12/12
  6224 | D:6      | Found a shadowy altar of Dithmenos.
  6232 | D:6      | Became a worshipper of Dithmenos the Shadowed
  6283 | D:6      | Found a white marble altar of Elyvilon.
  6356 | D:6      | Found a bloodstained altar of Trog.
  6371 | D:6      | Reached skill level 7 in Stealth
  6411 | D:6      | HP: 1/36 [gnoll/+0 spear (12)]
  6841 | D:6      | Found a sparkling altar of Nemelex Xobeh.
  7023 | D:6      | Found an opulent altar of Gozag.
  7379 | D:6      | Noticed Eustachio
  7624 | D:6      | Killed Eustachio
  7625 | D:6      | Reached skill level 5 in Fighting
  7625 | D:6      | Reached skill level 5 in Unarmed Combat
  7799 | D:7      | Found Mogeoteism's Weapon Boutique.
  7982 | D:7      | Found Exiym's Armour Shoppe.
  8001 | D:7      | Noticed Duvessa
  8006 | D:7      | Noticed Dowan
  8338 | D:7      | Learned a level 3 spell: Dazzling Flash
  8338 | D:7      | Found a staircase to the Ecumenical Temple.
  8899 | D:7      | Found Cyzeestre's Gadget Boutique.
  9106 | D:7      | Reached XP level 9. HP: 40/40 MP: 9/15
  9823 | D:8      | Found a large runed translucent door.
  9908 | D:8      | Found a large runed translucent door.
  9919 | D:8      | Noticed a troll
  9922 | D:8      | Killed a troll
  9923 | D:8      | Reached skill level 8 in Stealth
  9957 | D:8      | Reached * piety under Dithmenos
 10914 | D:8      | Noticed a komodo dragon
 10917 | D:8      | Killed a komodo dragon
 10918 | D:8      | Reached skill level 5 in Spellcasting
 11098 | D:8      | Found a large runed translucent door.
 11098 | D:8      | Found a large runed translucent door.
 11410 | D:9      | Reached XP level 10. HP: 45/45 MP: 17/19
 11550 | D:9      | Found a staircase to the Lair.
 11550 | D:9      | Noticed an elephant
 11677 | D:9      | Killed an elephant
 11678 | D:9      | Reached skill level 9 in Stealth
 12091 | D:9      | Found a snail-covered altar of Cheibriados.
 12099 | D:9      | Found a stormy altar of Qazlal.
 12660 | D:10     | Entered Level 10 of the Dungeon
 12682 | D:10     | Reached ** piety under Dithmenos
 13190 | D:10     | Noticed a brown ugly thing
 13226 | D:10     | Identified the amulet of Obsession {Acrobat rElec rC+++ rN+
                  | Slay-4}
 14628 | D:10     | Found a staircase to the Orcish Mines.
 14634 | D:10     | Reached *** piety under Dithmenos
 14876 | D:10     | HP: 1/46 [troll zombie (5)]
 15219 | D:10     | Reached skill level 1 in Invocations
 15585 | D:10     | Killed a brown ugly thing
 15754 | D:11     | Noticed Josephine
 15854 | D:11     | Noticed a manticore
 15861 | D:11     | Killed a manticore
 15862 | D:11     | Reached XP level 11. HP: 50/50 MP: 21/21
 15874 | D:11     | Found a frozen archway.
 17184 | D:11     | Found Tiedill's Assorted Antiques.
 17199 | D:11     | Bought a scroll of teleportation for 90 gold pieces
 17208 | D:11     | Reached skill level 10 in Hexes
 17210 | D:11     | Learned a level 1 spell: Magic Dart
 17238 | D:11     | You fall into a shaft and drop 1 floor!
 17239 | D:12     | Noticed an orc knight
 17241 | D:12     | Reached skill level 10 in Stealth
 17320 | D:12     | Noticed an orc warlord
 17507 | D:11     | Noticed Maurice
 17657 | D:11     | Noticed a two-headed ogre
 17690 | D:11     | Killed a two-headed ogre
 17876 | D:11     | HP: 2/45 [Josephine/ghostly fireball (23)]
 17879 | D:11     | Killed from afar by Josephine
 17880 | D:11     | Reached XP level 10. HP: -18/39 MP: 18/20
 18183 | D:11     | Noticed an unseen horror
 18204 | D:11     | Killed an unseen horror
 18323 | D:11     | Killed Maurice
 18758 | D:11     | Reached **** piety under Dithmenos
 18899 | D:11     | Noticed Erolcha
 18905 | D:11     | Killed Erolcha
 19554 | D:12     | Noticed a cyclops
 19627 | Lair:1   | Entered Level 1 of the Lair of Beasts
 19633 | Lair:1   | Noticed a cane toad
 19639 | Lair:1   | Killed a cane toad
 19640 | Lair:1   | Reached XP level 11. HP: 50/50 MP: 21/21
 19646 | Lair:1   | Got a translucent copper ring
 19647 | Lair:1   | Identified the ring of Sonin {*Drain +Inv Int+6 Dex+7
                  | Slay-2} (You found it on level 1 of the Lair of Beasts)
 19650 | Lair:1   | Noticed a five-headed hydra
 19657 | Lair:1   | Killed a five-headed hydra
 19801 | Lair:1   | Noticed Grum
 19807 | Lair:1   | Reached skill level 5 in Invocations
 20107 | D:9      | Reached skill level 1 in Evocations
 20159 | D:9      | Killed Grum
 20406 | Lair:1   | Reached skill level 11 in Stealth
 20571 | Lair:1   | Found a blossoming altar of Fedhas.
 20594 | Lair:1   | Noticed an oklob plant
 20997 | Lair:2   | Reached skill level 10 in Unarmed Combat
 21001 | Lair:2   | Noticed an eight-headed hydra
 21119 | Lair:2   | Killed an eight-headed hydra
 21120 | Lair:2   | Reached skill level 10 in Dodging
 22083 | Lair:3   | Noticed an eight-headed hydra
 22111 | Lair:3   | HP: 2/51 [eight-headed hydra (3)]
 22111 | Lair:3   | Mangled by an eight-headed hydra
 22112 | Lair:3   | Reached XP level 10. HP: -9/48 MP: 18/20
 22116 | Lair:3   | Noticed a cane toad
 22124 | Lair:3   | Killed a cane toad
 22134 | Lair:3   | Reached XP level 11. HP: 51/51 MP: 14/21
 22276 | Lair:3   | Noticed a death yak
 22278 | Lair:3   | Noticed a death yak
 22357 | Lair:2   | HP: 2/44 [yak (12)]
 22829 | Lair:3   | Noticed a boulder beetle
 22835 | Lair:3   | Killed a boulder beetle
 23180 | Lair:3   | Noticed a death yak
 23182 | Lair:3   | Noticed a death yak
 23202 | Lair:3   | Killed a death yak
 23203 | Lair:3   | Reached skill level 5 in Evocations
 23441 | Lair:3   | Killed a death yak
 23458 | Lair:3   | Killed an eight-headed hydra
 24175 | Lair:4   | Noticed Nessos
 24191 | Lair:4   | Killed Nessos
 24192 | Lair:4   | Reached skill level 12 in Stealth
 24354 | Lair:4   | HP: 2/52 [dream sheep (5)]
 24363 | Lair:4   | HP: 1/52 [dream sheep (2)]
 24732 | Lair:4   | Found a staircase to the Swamp.
 24952 | Lair:4   | Found a staircase to the Snake Pit.
 25633 | Lair:5   | Gained mutation: Your thick and shaggy fur keeps you warm.
                  | (AC +3, rC+) [Felid growth]
 25633 | Lair:5   | Reached XP level 12. HP: 41/56 MP: 17/22
 25799 | Lair:5   | Mangled by a komodo dragon

Illustrated notes

Levels and vault maps discovered:
D:1:      minmay_arrival_hallway, layout_basic
D:2:      layout_rooms, serial_curves, eino_curves_04, eino_curves_04,
          uniq_sigmund, uniq_terence, uniq_crazy_yiuf_cottage
D:3:      layout_rooms, zin_angel, amethyst_killhole, nemelex_altar_shiori
D:4:      layout_loops_ring, tso_oasis_becter, fiery_altar_vehumet,
          amethyst_overflow_temple_binary, minmay_lizard_king, uniq_edmund
D:5:      layout_basic, kennysheep_little_box
D:6:      layout_basic, elyvilon_altar_4, lemuel_crystal_altar,
          kennysheep_mini_moat, old_standard_altar, basic_altar, uniq_eustachio
D:7:      layout_basic, minmay_temple_entry_junction, serial_shops,
          nicolae_shop_trees, nicolae_shop_competitors_out_of_business,
          nicolae_shop_statue_plus, uniq_duvessa
D:8:      layout_cave_pods, serial_undead, serial_undead_b, serial_undead_d,
          serial_undead_e, serial_undead_b, serial_undead_b, serial_undead_b,
          minmay_hollow_rounded_squares
D:9:      layout_stronghold, overflow_temple_1_default, david_lair_generic,
          nicolae_qazlal_general_emergency
D:10:     layout_basic, zombieorc1_lemuel
D:11:     layout_grid_maze, portal_ice_cave_entry_imps, serial_shops, shop,
          uniq_maurice, uniq_erolcha, uniq_josephine
D:12:     orc_temple, layout_loops_cross
Lair:1:   layout_cave_shapes, tgw_fedhas, uniq_grum
Lair:2:   layout_cave_pods, infiniplex_staircase_pool, lemuel_fruit_fields
Lair:3:   layout_regular_city, grunt_megastairs_5
Lair:4:   layout_regular_city, swamp_mist_pool, guppyfry_snake_entry_island,
          uniq_nessos
Lair:5:   layout_layer_cave, minmay_lair_drake_nest, minmay_lair_oklob_chamber,
          grunt_megastairs_4

Skill      XL: |  1  2  3  4  5  6  7  8  9 10 11 |
---------------+----------------------------------+-----
Dodging        | 3 4 5 6 7 9 11 | 11.0
Unarmed Combat | 2 3 4 5 7 9 10 | 10.6
Hexes          | 5 6 7 8 9 10 | 10.8
Fighting       | 1 2 3 4 5 6 7 8 |  8.9
Stealth        | 5 6 7 8 9 12 | 12.2
Spellcasting   | 3 5 6 |  6.5
Invocations    | 4 6 |  6.6
Evocations     | 6 |  6.8

Action                   |  1- 3 |  4- 6 |  7- 9 | 10-12 || total
-------------------------+-------+-------+-------+-------++-------
Melee: Unarmed           |    69 |    99 |   309 |   603 ||  1080
       Bite              |     1 |     8 |    29 |    71 ||   109
       Punch             |       |     1 |     9 |    22 ||    32
 Cast: Ensorcelled Hiber |     6 |    10 |    68 |   103 ||   187
       Corona            |       |     1 |       |       ||     1
       Tukima's Dance    |       |       |    12 |     5 ||    17
       Confusing Touch   |       |       |    17 |    70 ||    87
       Dazzling Flash    |       |       |     5 |     1 ||     6
Invok: Shadow Step       |       |       |       |     8 ||     8
 Abil: Evoke Invisibilit |       |       |       |     1 ||     1
Evoke: Wand              |       |       |     4 |    18 ||    22
  Use: Scroll            |     3 |       |     8 |    14 ||    25
       Potion            |       |       |     5 |       ||     5
 Stab: Sleeping          |    15 |    14 |    69 |   101 ||   199
       Distracted        |     1 |       |     1 |     3 ||     5
       Confused          |       |       |    12 |    48 ||    60
       Invisible         |       |       |     3 |     2 ||     5
       Paralysed         |       |       |       |     3 ||     3
Armor: Skin              |     3 |    10 |    12 |    30 ||    55
Dodge: Dodged            |    48 |    83 |   294 |   678 ||  1103
